Saguenéens vs Sewer Rats
Created - 22 décembre 2013 at 19:12
Goals
|
| Saguenéens |
3 |
3 |
1 |
7 |
| Sewer Rats |
1 |
3 |
1 |
5 |
|
Shots
|
| Saguenéens |
10 |
20 |
13 |
43 |
| Sewer Rats |
5 |
12 |
10 |
27 |
|
1st period
1. Saguenéens , James Sheppard 3 (Petteri Wirtanen, Henrik Tallinder) at 3:57
2. Sewer Rats , Max Pacioretty 22 (Stéphane Yelle, Mike Funk) at 5:15
3. Saguenéens , Jarkko Ruutu 14 (Derek Joslin, David Laliberté) at 18:44
4. Saguenéens , Brandon Yip 21 (Justin Schultz) at 19:59 (PP)
Penalties :
Evgeny Dadonov (Chi) for Holding (Minor) at 8:52, Lars Eller (Tol) for Boarding (Minor) at 19:23
2nd period
5. Saguenéens , Evgeny Dadonov 22 (Justin Schultz, Trevor Daley) at 0:12
6. Sewer Rats , Steven Kampfer 1 (Zach Bogosian, Vojtech Polak) at 1:52
7. Saguenéens , James Sheppard 4 (Trevor Daley) at 10:01
8. Sewer Rats , Max Pacioretty 23 (Dustin Byfuglien, Kyle Turris) at 10:15
9. Saguenéens , Kyle Brodziak 11 (Brandon Yip) at 12:06
10. Sewer Rats , Andy Delmore 1 (John-Michael Liles, Stéphane Yelle) at 13:32
Penalties :
Niko Dimitrakos (Tol) for High sticking (Minor) at 3:43, Kyle Turris (Tol) for Hooking (Minor) at 6:34
3rd period
11. Sewer Rats , Ville Leino 19 (Lars Eller) at 4:19
12. Saguenéens , Kyle Brodziak 12 (Dwight King, Brandon Yip) at 12:03
Penalties :
Andy Delmore (Tol) for High sticking (Minor) at 0:29, Wayne Simmonds (Chi) for Hooking (Minor) at 5:54, Steven Kampfer (Tol) for Goalie Interference (Minor) at 13:41, Trevor Daley (Chi) for Tripping (Minor) at 13:41, Chad Denny (Tol) for High sticking (Minor) at 18:38
Goalie Stats
James Reimer (Chi), 22 saves from 27 shots - (0,815), W, 10-5-2, 60:00 minutes
Semyon Varlamov (Tol), 29 saves from 32 shots - (0,906), L, 11-6-3, 39:48 minutes
Jhonas Enroth (Tol), 7 saves from 11 shots - (0,636), 20:12 minutes
Players Stats for Saguenéens
Player Name G A P +/- PIM S H SB GA TA FO MP PP MP PK MP
------------------------------------------------------------------------------------
Brandon Yip 1 2 3 1 0 3 2 1 0 1 0/0 17:59 3:19 1:57
Brian Flynn 0 0 0 0 0 2 0 1 1 1 2/3 12:30 0:06 0:04
David Laliberté 0 1 1 0 0 2 2 0 0 0 0/0 11:59 0:00 0:00
Derek Joslin 0 1 1 1 0 0 1 0 0 2 0/0 15:18 0:00 2:01
Dwight King 0 1 1 1 0 0 4 0 0 0 1/1 15:04 3:19 0:03
Evgeny Dadonov 1 0 1 -1 2 7 2 0 0 0 0/0 19:27 4:29 0:00
Henrik Tallinder 0 1 1 1 0 0 0 3 0 1 0/0 20:38 3:04 2:01
Ian Cole 0 0 0 1 0 0 0 0 0 0 0/0 20:25 3:04 0:00
James Sheppard 2 0 2 1 0 3 1 0 0 0 0/0 8:36 0:22 0:00
Jarkko Ruutu 1 0 1 0 0 2 0 0 1 0 0/0 13:54 0:00 1:58
Jeffrey Foss 0 0 0 1 0 1 0 0 0 0 0/0 14:09 0:21 0:00
Justin Schultz 0 2 2 -1 0 3 4 2 0 0 0/0 25:35 4:29 1:57
Kyle Brodziak 2 0 2 1 0 7 1 0 0 0 6/12 17:50 3:19 1:57
Petteri Wirtanen 0 1 1 1 0 1 0 0 1 0 0/2 7:47 0:00 0:00
Rhett Rakhshani 0 0 0 1 0 0 0 0 0 0 0/0 7:47 0:00 0:00
Trevor Daley 0 2 2 -1 2 1 3 2 1 0 0/0 23:29 4:50 1:57
Wayne Primeau 0 0 0 -1 0 7 2 1 0 0 19/31 21:47 4:29 1:57
Wayne Simmonds 0 0 0 -1 2 4 3 0 0 1 0/1 19:46 4:19 0:00
Players Stats for Sewer Rats
Player Name G A P +/- PIM S H SB GA TA FO MP PP MP PK MP
------------------------------------------------------------------------------------
Andy Delmore 1 0 1 -1 2 2 1 1 1 1 0/0 27:55 2:10 3:44
Brandon Sutter 0 0 0 -1 0 0 2 0 0 0 2/2 12:17 0:00 2:32
Chad Denny 0 0 0 0 2 0 0 0 0 0 0/0 4:34 0:00 0:00
Derek Dorsett 0 0 0 -1 0 2 2 0 0 0 0/0 11:40 0:00 1:25
Dustin Byfuglien 0 1 1 -1 0 2 1 1 0 0 0/0 19:05 2:11 0:00
John-Michael Liles 0 1 1 -1 0 3 2 1 1 0 0/0 26:01 2:10 4:53
Jonathan Paiement 0 0 0 -1 0 0 1 0 1 0 0/0 14:06 0:00 3:01
Kyle Okposo 0 0 0 0 0 0 4 0 0 0 1/1 15:08 1:47 0:00
Kyle Turris 0 1 1 -1 2 0 0 0 0 1 6/24 18:19 2:11 0:00
Lars Eller 0 1 1 0 2 2 3 0 0 0 4/8 14:35 1:47 0:00
Max Pacioretty 2 0 2 -1 0 4 1 0 2 0 3/5 19:56 2:11 1:13
Mike Funk 0 1 1 -1 0 2 1 0 0 0 0/0 11:55 0:00 1:09
Niko Dimitrakos 0 0 0 1 2 1 1 0 0 0 1/1 11:28 0:00 3:40
Patrick Bordeleau 0 0 0 1 0 0 1 0 0 0 0/0 7:21 0:00 0:00
Stéphane Yelle 0 2 2 1 0 1 1 1 0 0 5/9 12:45 0:00 4:26
Steven Kampfer 1 0 1 1 2 1 0 0 0 0 0/0 15:32 1:48 0:00
Ville Leino 1 0 1 0 0 3 1 0 1 1 0/0 15:23 1:47 0:46
Vojtech Polak 0 1 1 -1 0 0 2 0 0 0 0/0 12:03 0:00 1:46
Zach Bogosian 0 1 1 1 0 4 0 1 0 1 0/0 19:58 1:48 3:01
3 Stars
1 - Brandon Yip (Chi)
2 - James Sheppard (Chi)
3 - Kyle Brodziak (Chi)
Power Play
Saguenéens - 1 on 5 Attempt(s) - 20,00%
Sewer Rats - 0 on 2 Attempt(s) - 0,00%
Penalty Kill
Saguenéens - 2 on 2 Attempt(s) - 100,00%
- Score 0 goal in Penalty Kill
Sewer Rats - 4 on 5 Attempt(s) - 80,00%
- Score 0 goal in Penalty Kill
Official
Referees : McCreary Bill and Walsh Ian
Linesman : Thor Nelson and Scott Cherrey
Game Notes
Semyon Varlamov enters game at 0:12 of 2nd period
Finance
Level 1 -- Attendance: 1591 (79,55%) -- Ticket Income 50 912 $
Level 2 -- Attendance: 763 (76,30%) -- Ticket Income 10 682 $
Total Attendance: 2354 (78,47%)
Total Ticket Income: 61 594 $
Other Income: 3 080 $
Total Income: 64 674 $
Saguenéens
5 vs 5 Forward
Center Left Wing Right Wing Time % Phy DF OF
1 Wayne Primeau Evgeny Dadonov Wayne Simmonds 40 1 1 3
2 Kyle Brodziak Dwight King Brandon Yip 30 1 1 3
3 Brian Flynn Jarkko Ruutu David Laliberté 18 1 2 2
4 Petteri Wirtanen James Sheppard Rhett Rakhshani 12 1 2 2
5 vs 5 Defense
Defense Defense Time % Phy DF OF
1 Justin Schultz Trevor Daley 34 1 2 2
2 Ian Cole Henrik Tallinder 34 1 2 2
3 Jeffrey Foss Derek Joslin 22 1 2 2
4 Justin Schultz Trevor Daley 10 0 2 3
PowerPlay Forward
Center Left Wing Right Wing Time % Phy DF OF
1 Wayne Primeau Evgeny Dadonov Wayne Simmonds 60 0 1 4
2 Kyle Brodziak Dwight King Brandon Yip 40 0 1 4
PowerPlay Defense
Defense Defense Time % Phy DF OF
1 Justin Schultz Trevor Daley 60 0 2 3
2 Ian Cole Henrik Tallinder 40 0 2 3
Penalty Kill 4 Players Forward
Center Wing Time % Phy DF OF
1 Kyle Brodziak Jarkko Ruutu 50 1 3 1
2 Wayne Primeau Brandon Yip 50 1 3 1
Penalty Kill 4 Players Defense
Defense Defense Time % Phy DF OF
1 Justin Schultz Trevor Daley 50 1 3 1
2 Derek Joslin Henrik Tallinder 50 1 3 1
Penalty Kill - 3 Players Forward
Forward Time % Phy DF OF
1 Jarkko Ruutu 50 1 3 1
2 Wayne Primeau 50 1 3 1
Penalty Kill - 3 Players Defense
Defense Defense Time % Phy DF OF
1 Justin Schultz Trevor Daley 50 1 3 1
2 Derek Joslin Henrik Tallinder 50 1 3 1
4 vs 4 Forward
Center Wing Time % Phy DF OF
1 Kyle Brodziak Brandon Yip 50 1 1 3
2 Wayne Primeau Wayne Simmonds 50 1 1 3
4 vs 4 Defense
Defense Defense Time % Phy DF OF
1 Justin Schultz Trevor Daley 50 1 2 2
2 Henrik Tallinder Ian Cole 50 1 2 2
Last Minutes Offensive
Center Left Wing Right Wing Defense Defense
Wayne Primeau Evgeny Dadonov Brandon Yip Justin Schultz Trevor Daley
Last Minutes Defensive
Center Left Wing Right Wing Defense Defense
Wayne Primeau Evgeny Dadonov Wayne Simmonds Justin Schultz Derek Joslin
Goaltenders
Starting : James Reimer
Backup : Harru Sateri
Extra Forwards
Normal : James Sheppard, Wayne Primeau, Evgeny Dadonov - PP : James Sheppard, Brian Flynn - PK : Wayne Simmonds
Extra Defensemen
Normal : Derek Joslin, Jeffrey Foss, Justin Schultz - PP : Jeffrey Foss - PK : Jeffrey Foss, Ian Cole
Penalty Shots
Brandon Yip, Wayne Primeau, Evgeny Dadonov, Jarkko Ruutu, Wayne Simmonds
Sewer Rats
5 vs 5 Forward
Center Left Wing Right Wing Time % Phy DF OF
1 Kyle Turris Max Pacioretty Dustin Byfuglien 40 1 2 2
2 Lars Eller Ville Leino Kyle Okposo 30 1 2 2
3 Brandon Sutter Vojtech Polak Derek Dorsett 20 1 2 2
4 Stéphane Yelle Patrick Bordeleau Niko Dimitrakos 10 1 2 2
5 vs 5 Defense
Defense Defense Time % Phy DF OF
1 Andy Delmore John-Michael Liles 40 1 2 2
2 Steven Kampfer Zach Bogosian 30 1 2 2
3 Jonathan Paiement Mike Funk 20 1 2 2
4 Chad Denny Andy Delmore 10 1 2 2
PowerPlay Forward
Center Left Wing Right Wing Time % Phy DF OF
1 Kyle Turris Max Pacioretty Dustin Byfuglien 60 1 2 2
2 Lars Eller Ville Leino Kyle Okposo 40 1 2 2
PowerPlay Defense
Defense Defense Time % Phy DF OF
1 Andy Delmore John-Michael Liles 60 1 2 2
2 Steven Kampfer Zach Bogosian 40 1 2 2
Penalty Kill 4 Players Forward
Center Wing Time % Phy DF OF
1 Stéphane Yelle Niko Dimitrakos 60 1 2 2
2 Brandon Sutter Vojtech Polak 40 1 2 2
Penalty Kill 4 Players Defense
Defense Defense Time % Phy DF OF
1 Andy Delmore John-Michael Liles 60 1 2 2
2 Jonathan Paiement Zach Bogosian 40 1 2 2
Penalty Kill - 3 Players Forward
Forward Time % Phy DF OF
1 Stéphane Yelle 60 1 2 2
2 Dustin Byfuglien 40 1 2 2
Penalty Kill - 3 Players Defense
Defense Defense Time % Phy DF OF
1 Andy Delmore John-Michael Liles 60 1 2 2
2 Jonathan Paiement Zach Bogosian 40 1 2 2
4 vs 4 Forward
Center Wing Time % Phy DF OF
1 Stéphane Yelle Dustin Byfuglien 60 1 2 2
2 Niko Dimitrakos Max Pacioretty 40 1 2 2
4 vs 4 Defense
Defense Defense Time % Phy DF OF
1 Andy Delmore John-Michael Liles 60 1 2 2
2 Chad Denny Zach Bogosian 40 1 2 2
Last Minutes Offensive
Center Left Wing Right Wing Defense Defense
Stéphane Yelle Max Pacioretty Dustin Byfuglien Andy Delmore John-Michael Liles
Last Minutes Defensive
Center Left Wing Right Wing Defense Defense
Stéphane Yelle Max Pacioretty Dustin Byfuglien Andy Delmore John-Michael Liles
Goaltenders
Starting : Jhonas Enroth
Backup : Semyon Varlamov
Extra Forwards
Normal : Kyle Okposo, Vojtech Polak, Derek Dorsett - PP : Kyle Okposo, Vojtech Polak - PK : Derek Dorsett
Extra Defensemen
Normal : Jonathan Paiement, Mike Funk, Steven Kampfer - PP : Jonathan Paiement - PK : Mike Funk, Steven Kampfer
Penalty Shots
Stéphane Yelle, Dustin Byfuglien, Niko Dimitrakos, Max Pacioretty, Ville Leino
% Time on Ice - Saguenéens
Lines # - Real PCT - Wanted PCT - Time Play
Normal Forward
1 - 33% - 40% - 15:03
2 - 25% - 30% - 11:42
3 - 25% - 18% - 11:37
4 - 17% - 12% - 7:47
Normal Defense
1 - 33% - 34% - 15:26
2 - 38% - 34% - 17:22
3 - 25% - 22% - 11:38
4 - 4% - 10% - 1:43
PP Forward
1 - 58% - 60% - 4:35
2 - 42% - 40% - 3:19
PP Defense
1 - 61% - 60% - 4:50
2 - 39% - 40% - 3:04
PK Forward
1 - 51% - 50% - 2:01
2 - 49% - 50% - 1:57
PK Defense
1 - 49% - 50% - 1:57
2 - 51% - 50% - 2:01
PK3 Forward
1 - 0% - 50%
2 - 0% - 50%
PK3 Defense
1 - 0% - 50%
2 - 0% - 50%
44 Forward
1 - 49% - 50% - 0:58
2 - 51% - 50% - 1:01
44 Defense
1 - 57% - 50% - 1:08
2 - 43% - 50% - 0:51
Last Minute Offensive - 0:00
Last Minute Defensive - 0:00
Total
Forward - 60:00
Defense - 60:00
|
% Time on Ice - Sewer Rats
Lines # - Real PCT - Wanted PCT - Time Play
Normal Forward
1 - 35% - 40% - 16:14
2 - 28% - 30% - 12:49
3 - 21% - 20% - 9:45
4 - 16% - 10% - 7:21
Normal Defense
1 - 38% - 40% - 17:25
2 - 31% - 30% - 14:31
3 - 22% - 20% - 10:19
4 - 8% - 10% - 3:54
PP Forward
1 - 55% - 60% - 2:11
2 - 45% - 40% - 1:47
PP Defense
1 - 55% - 60% - 2:10
2 - 45% - 40% - 1:48
PK Forward
1 - 78% - 60% - 6:08
2 - 22% - 40% - 1:46
PK Defense
1 - 62% - 60% - 4:53
2 - 38% - 40% - 3:01
PK3 Forward
1 - 0% - 60%
2 - 0% - 40%
PK3 Defense
1 - 0% - 60%
2 - 0% - 40%
44 Forward
1 - 84% - 60% - 1:40
2 - 16% - 40% - 0:19
44 Defense
1 - 68% - 60% - 1:21
2 - 32% - 40% - 0:38
Last Minute Offensive - 0:00
Last Minute Defensive - 0:00
Total
Forward - 60:00
Defense - 60:00
|
Play by Play
1st period
0:01 of 1st period - Max Pacioretty wins face-off versus Wayne Primeau in neutral zone.
0:06 of 1st period - Slapshot by John-Michael Liles.
0:06 of 1st period - Shot Blocked by Wayne Primeau.
0:14 of 1st period - Snap shot by Dustin Byfuglien.
0:14 of 1st period - Shot Blocked by Justin Schultz.
0:50 of 1st period - Wrist shot by Stéphane Yelle.
0:50 of 1st period - Shot Misses the Net.
1:35 of 1st period - Dustin Byfuglien is hit by Dwight King and loses puck.
1:54 of 1st period - Derek Joslin is hit by Kyle Okposo and loses puck.
2:32 of 1st period - Rhett Rakhshani is hit by Vojtech Polak and loses puck.
2:43 of 1st period - Slapshot by Kyle Brodziak.
2:43 of 1st period - Stopped by Jhonas Enroth without a rebound.
2:44 of 1st period - Kyle Brodziak wins face-off versus Stéphane Yelle in Sewer Rats zone.
3:09 of 1st period - Max Pacioretty is hit by Wayne Simmonds and loses puck.
3:34 of 1st period - Jarkko Ruutu is hit by Lars Eller and loses puck.
3:53 of 1st period - Wrist shot by James Sheppard.
3:53 of 1st period - Shot Misses the Net.
3:57 of 1st period - Wrist shot by Petteri Wirtanen.
3:57 of 1st period - Deflect By James Sheppard.
3:57 of 1st period - Goal by James Sheppard - Saguenéens : 1 - Sewer Rats : 0.
3:58 of 1st period - Wayne Primeau wins face-off versus Kyle Turris in neutral zone.
4:24 of 1st period - Andy Delmore is hit by Dwight King and loses puck.
4:51 of 1st period - Zach Bogosian is hit by Derek Joslin and loses puck.
5:15 of 1st period - Wrist shot by Max Pacioretty.
5:15 of 1st period - Goal by Max Pacioretty - Saguenéens : 1 - Sewer Rats : 1.
5:16 of 1st period - Kyle Turris wins face-off versus Wayne Primeau in neutral zone.
5:41 of 1st period - Kyle Okposo is hit by Trevor Daley.
6:09 of 1st period - Wrist shot by Derek Dorsett.
6:09 of 1st period - Shot Misses the Net.
6:23 of 1st period - Slapshot by Petteri Wirtanen.
6:23 of 1st period - Stopped by Jhonas Enroth with a rebound.
6:31 of 1st period - Snap shot by Niko Dimitrakos.
6:31 of 1st period - Stopped by James Reimer with a rebound.
6:41 of 1st period - Zach Bogosian is hit by Wayne Simmonds and loses puck.
7:02 of 1st period - Dwight King is hit by Ville Leino and loses puck.
8:09 of 1st period - Snap shot by Evgeny Dadonov.
8:09 of 1st period - Shot Misses the Net.
8:11 of 1st period - Wrist shot by Wayne Simmonds.
8:11 of 1st period - Stopped by Jhonas Enroth without a rebound.
8:12 of 1st period - Kyle Brodziak wins face-off versus Kyle Turris in Sewer Rats zone.
8:42 of 1st period - Wrist shot by Wayne Primeau.
8:42 of 1st period - Stopped by Jhonas Enroth without a rebound.
8:43 of 1st period - Wayne Primeau wins face-off versus Lars Eller in Sewer Rats zone.
8:52 of 1st period - Minor Penalty to Evgeny Dadonov for Holding.
8:53 of 1st period - Kyle Brodziak wins face-off versus Kyle Turris in Saguenéens zone.
9:00 of 1st period - Wrist shot by Dustin Byfuglien.
9:00 of 1st period - Stopped by James Reimer without a rebound.
9:01 of 1st period - Kyle Brodziak wins face-off versus Kyle Turris in Saguenéens zone.
9:01 of 1st period - Kyle Brodziak is hit by Dustin Byfuglien.
9:07 of 1st period - Snap shot by Max Pacioretty.
9:07 of 1st period - Stopped by James Reimer without a rebound.
9:08 of 1st period - Wayne Primeau wins face-off versus Kyle Turris in Saguenéens zone.
9:33 of 1st period - Ville Leino is hit by Brandon Yip.
9:39 of 1st period - Snap shot by Ville Leino.
9:39 of 1st period - Shot Blocked by Henrik Tallinder.
9:41 of 1st period - Snap shot by Zach Bogosian.
9:41 of 1st period - Shot Blocked by Brandon Yip.
10:52 of 1st period - Penalty to Evgeny Dadonov is over, Evgeny Dadonov is back on ice.
11:10 of 1st period - Snap shot by Jarkko Ruutu.
11:10 of 1st period - Shot Misses the Net.
11:26 of 1st period - Snap shot by Henrik Tallinder.
11:26 of 1st period - Shot Misses the Net.
11:54 of 1st period - Snap shot by David Laliberté.
11:54 of 1st period - Shot Misses the Net.
13:05 of 1st period - Steven Kampfer is hit by Dwight King.
13:34 of 1st period - Ville Leino is hit by Wayne Primeau and loses puck.
14:26 of 1st period - Derek Joslin is hit by Stéphane Yelle.
16:02 of 1st period - Kyle Turris is hit by Justin Schultz and loses puck.
16:21 of 1st period - Wayne Simmonds is hit by Kyle Okposo and loses puck.
16:27 of 1st period - Icing by Ian Cole.
16:28 of 1st period - Wayne Primeau wins face-off versus Kyle Turris in Saguenéens zone.
16:41 of 1st period - Max Pacioretty is hit by Evgeny Dadonov and loses puck.
17:00 of 1st period - Wrist shot by Kyle Okposo.
17:00 of 1st period - Shot Misses the Net.
17:02 of 1st period - Slapshot by Zach Bogosian.
17:02 of 1st period - Shot Misses the Net.
17:04 of 1st period - Snap shot by Lars Eller.
17:04 of 1st period - Stopped by James Reimer with a rebound.
18:26 of 1st period - Slapshot by Lars Eller.
18:26 of 1st period - Shot Misses the Net.
18:36 of 1st period - Slapshot by Trevor Daley.
18:36 of 1st period - Shot Blocked by Zach Bogosian.
18:38 of 1st period - Slapshot by Derek Joslin.
18:38 of 1st period - Shot Misses the Net.
18:40 of 1st period - Slapshot by David Laliberté.
18:40 of 1st period - Stopped by Jhonas Enroth with a rebound.
18:42 of 1st period - Slapshot by Derek Joslin.
18:42 of 1st period - Deflect By Jarkko Ruutu.
18:42 of 1st period - Stopped by Jhonas Enroth with a rebound.
18:44 of 1st period - Snap shot by Jarkko Ruutu.
18:44 of 1st period - Goal by Jarkko Ruutu - Saguenéens : 2 - Sewer Rats : 1.
18:45 of 1st period - Wayne Primeau wins face-off versus Kyle Turris in neutral zone.
19:20 of 1st period - Snap shot by Kyle Brodziak.
19:20 of 1st period - Shot Misses the Net.
19:22 of 1st period - Snap shot by Kyle Brodziak.
19:22 of 1st period - Stopped by Jhonas Enroth with a rebound.
19:23 of 1st period - Minor Penalty to Lars Eller for Boarding.
19:24 of 1st period - Niko Dimitrakos wins face-off versus Wayne Primeau in Sewer Rats zone.
19:24 of 1st period - Niko Dimitrakos is hit by Trevor Daley.
19:31 of 1st period - John-Michael Liles is hit by Justin Schultz and loses puck.
19:55 of 1st period - Snap shot by Brandon Yip.
19:55 of 1st period - Shot Misses the Net.
19:57 of 1st period - Snap shot by Brandon Yip.
19:57 of 1st period - Shot Blocked by Stéphane Yelle.
19:59 of 1st period - Wrist shot by Brandon Yip.
19:59 of 1st period - Goal by Brandon Yip - Saguenéens : 3 - Sewer Rats : 1.
2nd period
0:01 of 2nd period - Kyle Turris wins face-off versus Wayne Primeau in neutral zone.
0:10 of 2nd period - Slapshot by Evgeny Dadonov.
0:10 of 2nd period - Shot Misses the Net.
0:12 of 2nd period - Slapshot by Justin Schultz.
0:12 of 2nd period - Deflect By Evgeny Dadonov.
0:12 of 2nd period - Goal by Evgeny Dadonov - Saguenéens : 4 - Sewer Rats : 1.
0:12 of 2nd period - Semyon Varlamov enters game.
0:13 of 2nd period - Wayne Primeau wins face-off versus Kyle Turris in neutral zone.
0:16 of 2nd period - Dustin Byfuglien is hit by Justin Schultz and loses puck.
0:27 of 2nd period - Wrist shot by Wayne Primeau.
0:27 of 2nd period - Stopped by Semyon Varlamov without a rebound.
0:28 of 2nd period - Kyle Brodziak wins face-off versus Lars Eller in Sewer Rats zone.
0:31 of 2nd period - Snap shot by Kyle Brodziak.
0:31 of 2nd period - Shot Misses the Net.
0:55 of 2nd period - Backhand shot by Evgeny Dadonov.
0:55 of 2nd period - Stopped by Semyon Varlamov without a rebound.
0:56 of 2nd period - Wayne Primeau wins face-off versus Kyle Turris in Sewer Rats zone.
0:59 of 2nd period - Snap shot by Wayne Primeau.
0:59 of 2nd period - Shot Misses the Net.
1:45 of 2nd period - Trevor Daley is hit by Brandon Sutter and loses puck.
1:50 of 2nd period - Slapshot by Zach Bogosian.
1:50 of 2nd period - Deflect By Jarkko Ruutu.
1:50 of 2nd period - Stopped by James Reimer with a rebound.
1:52 of 2nd period - Slapshot by Steven Kampfer.
1:52 of 2nd period - Goal by Steven Kampfer - Saguenéens : 4 - Sewer Rats : 2.
1:53 of 2nd period - Wayne Primeau wins face-off versus Kyle Turris in neutral zone.
2:08 of 2nd period - Slapshot by John-Michael Liles.
2:08 of 2nd period - Shot Misses the Net.
2:27 of 2nd period - Slapshot by Ville Leino.
2:27 of 2nd period - Stopped by James Reimer without a rebound.
2:28 of 2nd period - Wayne Primeau wins face-off versus Kyle Turris in Saguenéens zone.
2:44 of 2nd period - Wayne Simmonds is hit by Max Pacioretty and loses puck.
3:03 of 2nd period - Vojtech Polak is hit by Wayne Simmonds and loses puck.
3:18 of 2nd period - Henrik Tallinder is hit by Kyle Okposo and loses puck.
3:43 of 2nd period - Minor Penalty to Niko Dimitrakos for High sticking.
3:44 of 2nd period - Stéphane Yelle wins face-off versus Kyle Brodziak in Sewer Rats zone.
4:14 of 2nd period - John-Michael Liles is hit by Wayne Primeau and loses puck.
5:37 of 2nd period - Andy Delmore is hit by Trevor Daley and loses puck.
5:43 of 2nd period - Penalty to Niko Dimitrakos is over, Niko Dimitrakos is back on ice.
6:05 of 2nd period - Steven Kampfer is hit by James Sheppard and loses puck.
6:34 of 2nd period - Minor Penalty to Kyle Turris for Hooking.
6:35 of 2nd period - Kyle Brodziak wins face-off versus Stéphane Yelle in Sewer Rats zone.
6:52 of 2nd period - Vojtech Polak is hit by Evgeny Dadonov and loses puck.
8:34 of 2nd period - Penalty to Kyle Turris is over, Kyle Turris is back on ice.
9:19 of 2nd period - Snap shot by Brian Flynn.
9:19 of 2nd period - Stopped by Semyon Varlamov with a rebound.
9:25 of 2nd period - Derek Joslin is hit by Derek Dorsett and loses puck.
9:38 of 2nd period - Slapshot by James Sheppard.
9:38 of 2nd period - Stopped by Semyon Varlamov without a rebound.
9:39 of 2nd period - Lars Eller wins face-off versus Petteri Wirtanen in Sewer Rats zone.
9:46 of 2nd period - James Sheppard is hit by Kyle Okposo and loses puck.
9:58 of 2nd period - Trevor Daley is hit by John-Michael Liles and loses puck.
10:01 of 2nd period - Wrist shot by James Sheppard.
10:01 of 2nd period - Goal by James Sheppard - Saguenéens : 5 - Sewer Rats : 2.
10:02 of 2nd period - Kyle Turris wins face-off versus Wayne Primeau in neutral zone.
10:05 of 2nd period - Slapshot by Zach Bogosian.
10:05 of 2nd period - Stopped by James Reimer with a rebound.
10:07 of 2nd period - Slapshot by Steven Kampfer.
10:07 of 2nd period - Shot Misses the Net.
10:09 of 2nd period - Snap shot by Kyle Turris.
10:09 of 2nd period - Shot Misses the Net.
10:11 of 2nd period - Snap shot by Kyle Turris.
10:11 of 2nd period - Shot Misses the Net.
10:13 of 2nd period - Backhand shot by Dustin Byfuglien.
10:13 of 2nd period - Shot Misses the Net.
10:15 of 2nd period - Slapshot by Max Pacioretty.
10:15 of 2nd period - Deflect By Trevor Daley.
10:15 of 2nd period - Goal by Max Pacioretty - Saguenéens : 5 - Sewer Rats : 3.
10:16 of 2nd period - Wayne Primeau wins face-off versus Max Pacioretty in neutral zone.
10:24 of 2nd period - Slapshot by Justin Schultz.
10:24 of 2nd period - Shot Misses the Net.
10:26 of 2nd period - Slapshot by Justin Schultz.
10:26 of 2nd period - Stopped by Semyon Varlamov with a rebound.
10:28 of 2nd period - Wrist shot by Wayne Primeau.
10:28 of 2nd period - Shot Misses the Net.
10:32 of 2nd period - Backhand shot by Wayne Primeau.
10:32 of 2nd period - Stopped by Semyon Varlamov with a rebound.
11:01 of 2nd period - Slapshot by John-Michael Liles.
11:01 of 2nd period - Stopped by James Reimer with a rebound.
11:11 of 2nd period - Slapshot by Jarkko Ruutu.
11:11 of 2nd period - Shot Misses the Net.
11:30 of 2nd period - Wrist shot by Evgeny Dadonov.
11:30 of 2nd period - Stopped by Semyon Varlamov with a rebound.
11:59 of 2nd period - Kyle Okposo is hit by Kyle Brodziak and loses puck.
12:04 of 2nd period - Snap shot by Brandon Yip.
12:04 of 2nd period - Shot Misses the Net.
12:06 of 2nd period - Wrist shot by Kyle Brodziak.
12:06 of 2nd period - Goal by Kyle Brodziak - Saguenéens : 6 - Sewer Rats : 3.
12:07 of 2nd period - Wayne Primeau wins face-off versus Kyle Turris in neutral zone.
12:51 of 2nd period - Ian Cole is hit by Vojtech Polak and loses puck.
13:14 of 2nd period - Wrist shot by Henrik Tallinder.
13:14 of 2nd period - Shot Blocked by John-Michael Liles.
13:16 of 2nd period - Wrist shot by Wayne Primeau.
13:16 of 2nd period - Stopped by Semyon Varlamov without a rebound.
13:17 of 2nd period - Stéphane Yelle wins face-off versus Wayne Primeau in Sewer Rats zone.
13:26 of 2nd period - Snap shot by Stéphane Yelle.
13:26 of 2nd period - Stopped by James Reimer with a rebound.
13:28 of 2nd period - Slapshot by Andy Delmore.
13:28 of 2nd period - Shot Blocked by Justin Schultz.
13:30 of 2nd period - Slapshot by John-Michael Liles.
13:30 of 2nd period - Stopped by James Reimer with a rebound.
13:32 of 2nd period - Slapshot by Andy Delmore.
13:32 of 2nd period - Goal by Andy Delmore - Saguenéens : 6 - Sewer Rats : 4.
13:33 of 2nd period - Kyle Turris wins face-off versus Wayne Primeau in neutral zone.
13:36 of 2nd period - Snap shot by John-Michael Liles.
13:36 of 2nd period - Shot Blocked by Trevor Daley.
13:58 of 2nd period - Trevor Daley is hit by Lars Eller and loses puck.
14:07 of 2nd period - Snap shot by Kyle Brodziak.
14:07 of 2nd period - Shot Misses the Net.
14:40 of 2nd period - Backhand shot by Stéphane Yelle.
14:40 of 2nd period - Shot Misses the Net.
14:42 of 2nd period - Slapshot by Andy Delmore.
14:42 of 2nd period - Shot Blocked by Henrik Tallinder.
14:44 of 2nd period - Slapshot by John-Michael Liles.
14:44 of 2nd period - Shot Blocked by Henrik Tallinder.
14:46 of 2nd period - Slapshot by Andy Delmore.
14:46 of 2nd period - Stopped by James Reimer with a rebound.
15:21 of 2nd period - Wrist shot by Brandon Yip.
15:21 of 2nd period - Stopped by Semyon Varlamov with a rebound.
15:23 of 2nd period - Wrist shot by Kyle Brodziak.
15:23 of 2nd period - Stopped by Semyon Varlamov with a rebound.
15:25 of 2nd period - Snap shot by Kyle Brodziak.
15:25 of 2nd period - Stopped by Semyon Varlamov with a rebound.
15:27 of 2nd period - Snap shot by Justin Schultz.
15:27 of 2nd period - Stopped by Semyon Varlamov without a rebound.
15:28 of 2nd period - Wayne Primeau wins face-off versus Kyle Turris in Sewer Rats zone.
15:29 of 2nd period - Snap shot by Evgeny Dadonov.
15:29 of 2nd period - Shot Misses the Net.
15:31 of 2nd period - Slapshot by Wayne Primeau.
15:31 of 2nd period - Stopped by Semyon Varlamov with a rebound.
15:39 of 2nd period - Snap shot by Wayne Simmonds.
15:39 of 2nd period - Stopped by Semyon Varlamov with a rebound.
15:41 of 2nd period - Wrist shot by Evgeny Dadonov.
15:41 of 2nd period - Stopped by Semyon Varlamov without a rebound.
15:42 of 2nd period - Max Pacioretty wins face-off versus Kyle Brodziak in Sewer Rats zone.
15:55 of 2nd period - Wrist shot by Dustin Byfuglien.
15:55 of 2nd period - Deflect By Max Pacioretty.
15:55 of 2nd period - Shot Misses the Net.
15:55 of 2nd period - Puck is out of play.
15:56 of 2nd period - Wayne Primeau wins face-off versus Lars Eller in Saguenéens zone.
16:02 of 2nd period - Snap shot by Lars Eller.
16:02 of 2nd period - Stopped by James Reimer with a rebound.
16:10 of 2nd period - Wrist shot by Lars Eller.
16:10 of 2nd period - Shot Misses the Net.
16:22 of 2nd period - Max Pacioretty is hit by Dwight King and loses puck.
16:35 of 2nd period - Max Pacioretty is hit by Brandon Yip and loses puck.
17:56 of 2nd period - Snap shot by Trevor Daley.
17:56 of 2nd period - Shot Misses the Net.
18:14 of 2nd period - Snap shot by Brian Flynn.
18:14 of 2nd period - Stopped by Semyon Varlamov without a rebound.
18:15 of 2nd period - Brian Flynn wins face-off versus Lars Eller in Sewer Rats zone.
18:42 of 2nd period - Snap shot by Kyle Brodziak.
18:42 of 2nd period - Stopped by Semyon Varlamov without a rebound.
18:43 of 2nd period - Dwight King wins face-off versus Kyle Turris in Sewer Rats zone.
18:46 of 2nd period - Slapshot by Trevor Daley.
18:46 of 2nd period - Shot Misses the Net.
18:58 of 2nd period - Wrist shot by Dustin Byfuglien.
18:58 of 2nd period - Shot Blocked by Trevor Daley.
19:08 of 2nd period - Trevor Daley is hit by Mike Funk.
19:30 of 2nd period - Slapshot by Zach Bogosian.
19:30 of 2nd period - Stopped by James Reimer without a rebound.
19:31 of 2nd period - Kyle Okposo wins face-off versus Brian Flynn in Saguenéens zone.
19:56 of 2nd period - Wayne Simmonds is hit by Jonathan Paiement and loses puck.
3rd period
0:01 of 3rd period - Kyle Turris wins face-off versus Wayne Primeau in neutral zone.
0:04 of 3rd period - Backhand shot by John-Michael Liles.
0:04 of 3rd period - Stopped by James Reimer without a rebound.
0:05 of 3rd period - Wayne Primeau wins face-off versus Kyle Turris in Saguenéens zone.
0:09 of 3rd period - Off-side.
0:10 of 3rd period - Kyle Turris wins face-off versus Wayne Primeau in neutral zone.
0:28 of 3rd period - Slapshot by Max Pacioretty.
0:28 of 3rd period - Stopped by James Reimer with a rebound.
0:29 of 3rd period - Minor Penalty to Andy Delmore for High sticking.
0:30 of 3rd period - Wayne Primeau wins face-off versus Stéphane Yelle in Sewer Rats zone.
0:39 of 3rd period - Slapshot by Evgeny Dadonov.
0:39 of 3rd period - Stopped by Semyon Varlamov without a rebound.
0:40 of 3rd period - Wayne Primeau wins face-off versus Stéphane Yelle in Sewer Rats zone.
1:07 of 3rd period - Snap shot by Evgeny Dadonov.
1:07 of 3rd period - Stopped by Semyon Varlamov with a rebound.
1:40 of 3rd period - Off-side.
1:41 of 3rd period - Stéphane Yelle wins face-off versus Kyle Brodziak in neutral zone.
2:29 of 3rd period - Penalty to Andy Delmore is over, Andy Delmore is back on ice.
2:55 of 3rd period - James Sheppard is hit by Andy Delmore and loses puck.
3:19 of 3rd period - Snap shot by Derek Dorsett.
3:19 of 3rd period - Stopped by James Reimer with a rebound.
3:21 of 3rd period - Snap shot by Brandon Sutter.
3:21 of 3rd period - Shot Misses the Net.
3:46 of 3rd period - Justin Schultz is hit by Patrick Bordeleau and loses puck.
3:53 of 3rd period - Slapshot by Andy Delmore.
3:53 of 3rd period - Shot Misses the Net.
4:10 of 3rd period - Dwight King is hit by John-Michael Liles and loses puck.
4:17 of 3rd period - Wrist shot by Ville Leino.
4:17 of 3rd period - Stopped by James Reimer with a rebound.
4:19 of 3rd period - Slapshot by Ville Leino.
4:19 of 3rd period - Goal by Ville Leino - Saguenéens : 6 - Sewer Rats : 5.
4:20 of 3rd period - Wayne Primeau wins face-off versus Kyle Turris in neutral zone.
4:49 of 3rd period - Dwight King is hit by Lars Eller and loses puck.
5:11 of 3rd period - Icing by David Laliberté.
5:12 of 3rd period - Brian Flynn wins face-off versus Max Pacioretty in Saguenéens zone.
5:35 of 3rd period - John-Michael Liles is hit by David Laliberté and loses puck.
5:49 of 3rd period - Off-side.
5:50 of 3rd period - Lars Eller wins face-off versus Wayne Simmonds in neutral zone.
5:54 of 3rd period - Minor Penalty to Wayne Simmonds for Hooking.
5:55 of 3rd period - Wayne Primeau wins face-off versus Kyle Turris in Saguenéens zone.
7:54 of 3rd period - Penalty to Wayne Simmonds is over, Wayne Simmonds is back on ice.
8:07 of 3rd period - Rhett Rakhshani is hit by Derek Dorsett and loses puck.
8:12 of 3rd period - Wrist shot by Derek Dorsett.
8:12 of 3rd period - Stopped by James Reimer with a rebound.
8:35 of 3rd period - James Sheppard is hit by Niko Dimitrakos and loses puck.
8:46 of 3rd period - Snap shot by Wayne Primeau.
8:46 of 3rd period - Stopped by Semyon Varlamov with a rebound.
8:48 of 3rd period - Slapshot by Ian Cole.
8:48 of 3rd period - Shot Misses the Net.
9:00 of 3rd period - Stéphane Yelle is hit by David Laliberté and loses puck.
10:31 of 3rd period - Jarkko Ruutu is hit by Brandon Sutter and loses puck.
10:58 of 3rd period - Snap shot by Dustin Byfuglien.
10:58 of 3rd period - Shot Misses the Net.
11:49 of 3rd period - Snap shot by Trevor Daley.
11:49 of 3rd period - Stopped by Semyon Varlamov without a rebound.
11:50 of 3rd period - Brandon Sutter wins face-off versus Kyle Brodziak in Sewer Rats zone.
11:59 of 3rd period - Slapshot by Henrik Tallinder.
11:59 of 3rd period - Deflect By Brandon Yip.
11:59 of 3rd period - Stopped by Semyon Varlamov with a rebound.
12:01 of 3rd period - Wrist shot by Dwight King.
12:01 of 3rd period - Shot Misses the Net.
12:03 of 3rd period - Snap shot by Kyle Brodziak.
12:03 of 3rd period - Goal by Kyle Brodziak - Saguenéens : 7 - Sewer Rats : 5.
12:04 of 3rd period - Wayne Primeau wins face-off versus Kyle Turris in neutral zone.
12:07 of 3rd period - Slapshot by Justin Schultz.
12:07 of 3rd period - Shot Blocked by Dustin Byfuglien.
12:09 of 3rd period - Wrist shot by Evgeny Dadonov.
12:09 of 3rd period - Stopped by Semyon Varlamov with a rebound.
12:11 of 3rd period - Snap shot by Wayne Simmonds.
12:11 of 3rd period - Stopped by Semyon Varlamov with a rebound.
12:13 of 3rd period - Wrist shot by Wayne Simmonds.
12:13 of 3rd period - Stopped by Semyon Varlamov with a rebound.
12:15 of 3rd period - Snap shot by Evgeny Dadonov.
12:15 of 3rd period - Shot Misses the Net.
12:56 of 3rd period - Slapshot by Andy Delmore.
12:56 of 3rd period - Shot Blocked by Brian Flynn.
13:20 of 3rd period - Slapshot by Dustin Byfuglien.
13:20 of 3rd period - Stopped by James Reimer without a rebound.
13:21 of 3rd period - Lars Eller wins face-off versus Wayne Primeau in Saguenéens zone.
13:34 of 3rd period - Snap shot by Wayne Simmonds.
13:34 of 3rd period - Shot Misses the Net.
13:36 of 3rd period - Slapshot by Justin Schultz.
13:36 of 3rd period - Stopped by Semyon Varlamov without a rebound.
13:37 of 3rd period - Brandon Sutter wins face-off versus Kyle Brodziak in Sewer Rats zone.
13:41 of 3rd period - Minor Penalty to Steven Kampfer for Goalie Interference.
13:41 of 3rd period - Minor Penalty to Trevor Daley for Tripping.
13:42 of 3rd period - Stéphane Yelle wins face-off versus Kyle Brodziak in Saguenéens zone.
15:41 of 3rd period - Penalty to Steven Kampfer is over, Steven Kampfer is back on ice.
15:41 of 3rd period - Penalty to Trevor Daley is over, Trevor Daley is back on ice.
15:53 of 3rd period - Slapshot by Justin Schultz.
15:53 of 3rd period - Deflect By David Laliberté.
15:53 of 3rd period - Stopped by Semyon Varlamov without a rebound.
15:54 of 3rd period - Lars Eller wins face-off versus Petteri Wirtanen in Sewer Rats zone.
16:16 of 3rd period - Slapshot by Mike Funk.
16:16 of 3rd period - Deflect By Jarkko Ruutu.
16:16 of 3rd period - Stopped by James Reimer with a rebound.
16:18 of 3rd period - Snap shot by Lars Eller.
16:18 of 3rd period - Shot Misses the Net.
16:20 of 3rd period - Slapshot by Mike Funk.
16:20 of 3rd period - Stopped by James Reimer with a rebound.
16:22 of 3rd period - Wrist shot by Kyle Okposo.
16:22 of 3rd period - Shot Misses the Net.
17:54 of 3rd period - Slapshot by Jeffrey Foss.
17:54 of 3rd period - Stopped by Semyon Varlamov with a rebound.
17:56 of 3rd period - Wrist shot by Wayne Primeau.
17:56 of 3rd period - Stopped by Semyon Varlamov with a rebound.
18:00 of 3rd period - Slapshot by Evgeny Dadonov.
18:00 of 3rd period - Shot Blocked by Andy Delmore.
18:02 of 3rd period - Snap shot by Wayne Primeau.
18:02 of 3rd period - Shot Misses the Net.
18:14 of 3rd period - Max Pacioretty is hit by Justin Schultz and loses puck.
18:33 of 3rd period - Snap shot by Zach Bogosian.
18:33 of 3rd period - Stopped by James Reimer with a rebound.
18:38 of 3rd period - Minor Penalty to Chad Denny for High sticking.
18:39 of 3rd period - Stéphane Yelle wins face-off versus Wayne Primeau in Sewer Rats zone.
19:55 of 3rd period - Icing by Wayne Simmonds.
19:56 of 3rd period - Max Pacioretty wins face-off versus Wayne Primeau in Saguenéens zone.
Output by the SimonT Hockey Simulator (STHS) for François Prévost -- Original Page W3C XHTML 1.0 Valid